 Dungeon Crawl Stone Soup version 0.30-a0-476-g330ca2eb8e (webtiles) character file.

Game seed: 9433267206761891650

5891 themarg the Destroyer (level 10, -5/83 HPs)
             Began as a Yellow Draconian Conjurer on Dec 21, 2022.
             Was an Initiate of Ashenzari.
             Slain by an orc warrior
             ... wielding a +0 war axe
              (20 damage)
             ... in a bailey.
             The game lasted 00:26:10 (10588 turns).

themarg the Destroyer (Yellow Draconian Conjurer)  Turns: 10588, Time: 00:26:11

Health: -5/83      AC: 11    Str:  9    XL:     10   Next: 53%
Magic:  4/20       EV: 12    Int: 28    God:    Ashenzari [......]
Gold:   476        SH:  0    Dex: 10    Spells: 12/23 levels left

rFire   . . .      SeeInvis .    F - +1 mace "Enigmatic Urgency" {vorpal, rElec Will+ Int+5, Cun, Elem} (curse)
rCold   . . .      Faith    .    (no shield)
rNeg    . . .      Spirit   .    (body armour unavailable)
rPois   .          Reflect  .    (helmet restricted)
rElec   +          Harm     .    (no cloak)
rCorr   +          Rampage  .    (no gloves)
Will    ++...                    (no boots)
Stlth   ++........               (no amulet)
HPRegen 0.33/turn                f - ring of willpower
MPRegen 0.17/turn                l - +4 ring of protection

@: brilliant, short of breath, studying Hexes
A: spit acid, AC +7, unfitting armour, cold-blooded, acid resistance
a: Breathe Acid, Renounce Religion, Shatter the Chains


You were in a bailey.
You worshipped Ashenzari.
Ashenzari was noncommittal.
You visited 2 branches of the dungeon, and saw 9 of its levels.
You also visited: Bailey.

You collected 476 gold pieces.

Inventory:

Hand Weapons
 F - the cursed +1 mace "Enigmatic Urgency" (weapon) {vorpal, rElec Will+ Int+5, Cun, Elem}
   (You took it off an orc on level 7 of the Dungeon)

   It inflicts extra damage upon your enemies.
   Int:       It affects your intelligence (+5).
   rElec:     It insulates you from electricity.
   Will:      It increases your willpower.
   It has a curse which improves the following skills: Cunning: Dodging and
   Stealth.
   Elements:  Fire Magic, Ice Magic, Air Magic and Earth Magic.
Missiles
 d - 104 stones
 h - 14 poisoned darts
 i - 9 boomerangs
Armour
 u - a +0 cloak
 v - a +0 kite shield
Magical Staves
 t - a staff of air
Jewellery
 f - a ring of willpower (left hand)
 l - a +4 ring of protection (right hand)
 m - a ring of ice
Wands
 w - a wand of polymorph (5)
Scrolls
 j - a scroll of enchant armour {unknown}
 k - a scroll of poison {unknown}
 n - a scroll of fear {unknown}
 o - a scroll of vulnerability
 x - a scroll of identify {unknown}
 z - a scroll of enchant weapon {unknown}
 B - a scroll of blinking {unknown}
Potions
 a - a potion of brilliance
 c - 2 potions of heal wounds {unknown}
 e - 3 potions of curing
 g - a potion of haste {unknown}
 p - a potion of invisibility {unknown}
 A - a potion of lignification {unknown}
 C - a potion of might {unknown}
 D - a potion of attraction {unknown}
 E - a potion of cancellation {unknown}


   Skills:
 + Level 5.7 Fighting
 + Level 2.7(3.1) Dodging
 - Level 3.0(3.3) Stealth
 + Level 5.5 Shields
 - Level 7.0 Spellcasting
 - Level 10.0 Conjurations
 - Level 3.0 Hexes
 - Level 3.0 Translocations
 + Level 5.1 Evocations


You had 12 spell levels left.
You knew the following spells:

 Your Spells              Type           Power      Damage    Failure   Level
a - Magic Dart            Conj           100%       1d8       1%          1
b - Searing Ray           Conj           100%       2d8       1%          2
c - Fulminant Prism       Conj/Hex       31%        3d16      3%          4
d - Iskenderun's Mystic   Conj/Tloc      62%        2d13      3%          4

Your spell library contained the following spells:

 Spells                   Type           Power      Damage    Failure   Level
 Dazzling Flash           Conj/Hex       100%       N/A       1%          3
 Hailstorm                Conj/Ice       54%        3d12      1%          3
 Stone Arrow              Conj/Erth      100%       3d13      1%          3
 Ensorcelled Hibernation  Hex/Ice        54%        N/A       4%          2
 Mephitic Cloud           Conj/Pois/Air  42%        N/A       4%          3
 Sandblast                Erth           30%        2d9       5%          1
 Sting                    Tmut/Pois      56%        1d5       5%          1
 Call Imp                 Summ           14%        N/A       9%          2
 Passwall                 Tmut/Erth      11%        N/A       9%          2
 Poisonous Vapours        Pois/Air       28%        N/A       9%          2
 Ozocubu's Armour         Ice            15%        N/A       16%         3
 Spider Form              Tmut/Pois      14%        N/A       16%         3
 Anguish                  Hex/Necr       13%        N/A       28%         4
 Ice Form                 Ice/Tmut       14%        N/A       47%         4
 Olgreb's Toxic Radiance  Pois           14%        N/A       47%         4
 Summon Ice Beast         Ice/Summ       14%        N/A       47%         4
 Metabolic Englaciation   Hex/Ice        13%        N/A       63%         5
 Summon Mana Viper        Hex/Summ       27%        N/A       63%         5
 Simulacrum               Ice/Necr       7%         N/A       100%        6
 Monstrous Menagerie      Summ           7%         N/A       100%        7


Dungeon Overview and Level Annotations

Branches:
Dungeon (8/15)             Temple (1/1) D:7          Bailey (1/1)
   Lair: D:8-11

Altars:
Ashenzari
Cheibriados
Dithmenos
Elyvilon
Fedhas
Gozag
Hepliaklqana
Kikubaaqudgha
Makhleb
Nemelex Xobeh
Okawaru
Qazlal
Ru
Sif Muna
Trog
Uskayaw
Vehumet
Wu Jian
Yredelemnul
The Shining One

Annotations:
D:3 exclusion: door, Robin


Innate Abilities, Weirdness & Mutations

You can spit globs of acid.
Your golden yellow scales are hard. (AC +7)
You cannot fit into any form of body armour.
You are cold-blooded and may be slowed by cold attacks.
You are resistant to acid. (rCorr)


Message History

The roots erupt in riotous growth!
Roots grab the orc knight.
The now-empty wand crumbles to dust.
The grasping roots constrict the orc knight.
You hear a shout! x3
The orc knight struggles to escape constriction.
The grasping roots constrict the orc knight!
The orc knight hits you with a +0 war axe!
You barely miss the orc knight.
The orc knight is heavily wounded.
The grasping roots constrict the orc knight!
The roots release their grip on the orc knight.
The orc warrior closely misses you. The orc knight barely misses you.
You closely miss the orc knight.
The orc knight is severely wounded.
The orc warrior no longer looks unusually strong.
The orc warrior barely misses you.
The orc knight hits you with a +0 war axe!
The orc knight roars a battlecry!
The orc warrior goes into a battle-frenzy!
The orc warrior hits you with a +0 war axe!
You sock the orc knight!
You tail-slap the orc knight, but do no damage.
The orc knight is almost dead.
The orc knight hits you with a +0 war axe.
The orc warrior hits you with a +0 war axe.
The orc warrior barely misses you.
The orc knight attacks as you move away!
The orc knight hits you with a +0 war axe!
* * * LOW HITPOINT WARNING * * *
As you read the scroll labelled OTOBBEINERPH, it crumbles to dust.
You feel aware of your surroundings.
It was a scroll of magic mapping.
The orc warrior hits you with a +0 war axe.
* * * LOW HITPOINT WARNING * * *
The orc knight hits you but does no damage.
Okay, then.
It was a potion of brilliance.
You feel clever all of a sudden.
The orc warrior hits you with a +0 war axe!!
You die...

*?!....)...8**,,,,,,,,,,#........
*#!...))).,###,,,,,,,,,###.......
**#....)###.###,,,,,###.###.)...
***,#'#.....###,###.....#)#.##
*##.........###........)###
#...........#...........#
#...........#.........).#
#.....⌠.)o..#.....⌠.....#
#......).o@.'...........#
#...........#...........#
##.........###.........##
###.....### ###.....### ###.###
###.### ### ###


You could see an orc knight and an orc warrior (strong).

Vanquished Creatures
  A centaur warrior (D:7)
  A manticore (D:7)
  2 ugly things (D:7)
  A troll (D:7)
  Prince Ribbit (D:5)
  Sigmund (D:5)
  A wraith (D:7)
  3 steam dragons
  2 water moccasins
  3 ice beasts
  3 ogres
  7 orc warriors
  A phantom (D:6)
  3 centaurs
  A kobold brigand (D:6)
  4 bullfrogs
  A howler monkey (D:4)
  4 orc priests
  5 hounds
  2 jellies
  Terence (D:2)
  6 iguanas
  9 orc wizards
  7 adders
  2 gnolls (Bailey)
  2 shadow imps (D:7)
  A white imp (D:7)
  An ufetubus (D:4)
  A worm (D:2)
  4 dart slugs
  39 orcs
  2 endoplasms
  2 giant cockroaches
  14 hobgoblins
  5 jackals
  4 quokkas
  5 ball pythons
  3 bats
  A frilled lizard (D:3)
  11 goblins
  9 kobolds
  4 rats
  A fulminant prism (Bailey)
181 creatures vanquished.

Vanquished Creatures (others)
  A kobold (D:6)
  8 fulminant prisms
  3 plants (D:7)
12 creatures vanquished.

Grand Total: 193 creatures vanquished

Notes
Turn   | Place    | Note
-------+----------+-------------------------------------------
     0 | D:1      | themarg the Draconian Conjurer began the quest for the Orb.
     0 | D:1      | Reached XP level 1. HP: 14/14 MP: 3/3
   376 | D:1      | Reached XP level 2. HP: 20/20 MP: 0/5
   379 | D:1      | Learned a level 2 spell: Searing Ray
   953 | D:1      | Found a faded altar of an unknown god.
  1637 | D:2      | Noticed Terence
  1647 | D:2      | Killed Terence
  1648 | D:2      | Reached XP level 3. HP: 19/26 MP: 1/7
  1940 | D:2      | Reached XP level 4. HP: 33/33 MP: 5/8
  2352 | D:3      | Noticed Robin
  2353 | D:3      | Found a burning altar of Makhleb.
  2713 | D:3      | Noticed an ice beast
  2730 | D:3      | Killed an ice beast
  2731 | D:3      | Reached skill level 5 in Conjurations
  2731 | D:3      | Reached XP level 5. HP: 12/38 MP: 0/10
  3438 | D:4      | Reached XP level 6. HP: 32/45 MP: 7/11
  3871 | D:4      | Reached skill level 6 in Conjurations
  4482 | D:4      | Found an ancient bone altar of Kikubaaqudgha.
  4483 | D:4      | Found an iron altar of Okawaru.
  4532 | D:4      | Found a basalt altar of Yredelemnul.
  4823 | D:5      | Entered Level 5 of the Dungeon
  4829 | D:5      | Noticed Sigmund
  4843 | D:5      | Your scales start taking on a golden yellow colour.
  4843 | D:5      | Reached XP level 7. HP: 43/50 MP: 7/13
  4843 | D:5      | Gained mutation: You are resistant to acid. (rCorr) [Yellow
                  | Draconian growth]
  5002 | D:5      | Reached skill level 7 in Conjurations
  5159 | D:5      | Reached skill level 5 in Spellcasting
  5783 | D:5      | Noticed Prince Ribbit
  5789 | D:5      | Killed Prince Ribbit
  5790 | D:5      | Reached skill level 8 in Conjurations
  5790 | D:5      | Reached XP level 8. HP: 39/57 MP: 6/15
  6094 | D:5      | Killed Sigmund
  6095 | D:5      | Reached skill level 1 in Hexes
  6095 | D:5      | Reached skill level 1 in Translocations
  6222 | D:6      | Found a white marble altar of Elyvilon.
  6233 | D:6      | Reached skill level 9 in Conjurations
  6264 | D:6      | Learned a level 4 spell: Fulminant Prism
  6269 | D:6      | Learned a level 4 spell: Iskenderun's Mystic Blast
  7101 | D:6      | Reached skill level 1 in Fighting
  7429 | D:6      | Reached skill level 1 in Shields
  7598 | D:7      | Reached XP level 9. HP: 64/64 MP: 12/17
  7750 | D:7      | Found a stormy altar of Qazlal.
  7764 | D:7      | Reached skill level 10 in Conjurations
  7882 | D:7      | Reached skill level 1 in Evocations
  8240 | D:7      | Noticed a centaur warrior
  8248 | D:7      | Killed a centaur warrior
  8404 | D:7      | Noticed a red ugly thing
  8404 | D:7      | Noticed a cyan ugly thing
  8426 | D:7      | Killed a red ugly thing
  8430 | D:7      | Killed a purple ugly thing
  8431 | D:7      | Reached XP level 10. HP: 30/80 MP: 0/20
  8891 | D:7      | Noticed a manticore
  8902 | D:7      | Killed a manticore
  8903 | D:7      | Reached skill level 5 in Fighting
  9091 | D:7      | Reached skill level 5 in Shields
  9093 | D:7      | Reached skill level 5 in Evocations
  9300 | D:7      | Found a staircase to the Ecumenical Temple.
  9306 | Temple   | Entered the Ecumenical Temple
  9380 | Temple   | Became a worshipper of Ashenzari the Shackled
  9540 | D:7      | Identified the +1 robe of Ennui {Rampage}
  9572 | D:7      | Found a glowing golden altar of the Shining One.
  9799 | D:7      | Identified the +1 mace "Ewemonwi" {vorpal, rElec Will+
                  | Int+5}
  9842 | D:7      | Found a sacrificial altar of Ru.
 10244 | D:8      | Found a flagged portal.
 10287 | Bailey   | Entered a bailey
 10565 | Bailey   | Noticed an orc knight
 10588 | Bailey   | Slain by an orc warrior

Illustrated notes

Levels and vault maps discovered:
D:1:      dpeg_arrival_solitude, layout_loops_ring, serial_aquarium,
          aquarium_bridge_square [aquarium_subvault_wall,
          aquarium_subvault_bridge, aquarium_subvault_balcony,
          aquarium_subvault_bridge], aquarium_bridge_square
          [aquarium_subvault_bridge, aquarium_subvault_wall,
          aquarium_subvault_window, aquarium_subvault_window],
          aquarium_window_double, aquarium_window_2, aquarium_window_2,
          aquarium_view_2f, aquarium_pool_1,
          shapermc_ecumenical_altar_hornbeckon
D:2:      layout_loops_ring, uniq_terence
D:3:      layout_loops_ring, amcnicky_altar_gilded,
          chequers_serial_rivers_large_a, hex_large, uniq_robin
D:4:      layout_cave_pods, yredelemnul_altar_generic,
          gammafunk_temple_overflow_statue
D:5:      layout_basic, ebering_dispersal_statue_hall,
          nicolae_concentric_dashed_squares_wild, uniq_prince_ribbit1,
          uniq_sigmund
D:6:      layout_loops_corners, elyvilon_altar_1
D:7:      nzn_winding_woodlands_small
          [nzn_winding_woodlands_5x15_pathside_ponds,
          nzn_winding_woodlands_center_pierced_h,
          nzn_winding_woodlands_5x15_pool], layout_loops_cross, tso_metal_star,
          grunt_temple_overflow_open, minmay_temple_entry_drinking_statues,
          kennysheep_crisscross
D:8:      layout_basic, grunt_temple_overflow_order_and_chaos_1, enter_bailey_5,
          kennysheep_generic_room_4, uniq_pikel
Temple:   nicolae_temple_hex_pool
Bailey:   bailey_axe_minmay_hex_keep, bailey

Skill      XL: |  1  2  3  4  5  6  7  8  9 10 |
---------------+-------------------------------+-----
Stealth        | 2 3 |  3.0
Spellcasting   | 3 4 5 6 7 |  7.0
Conjurations   | 5 6 8 9 10 | 10.0
Hexes          | 3 |  3.0
Translocations | 3 |  3.0
Fighting       | 1 4 5 |  5.7
Shields        | 1 4 5 |  5.5
Evocations     | 3 5 |  5.1
Dodging        | 2 |  2.7

Action                   |  1- 3 |  4- 6 |  7- 9 | 10-12 || total
-------------------------+-------+-------+-------+-------++-------
Melee: Short sword       |    33 |     5 |       |       ||    38
       Tailslap          |     2 |     1 |     2 |     1 ||     6
       Dagger            |       |       |    13 |     1 ||    14
       Mace              |       |       |       |     3 ||     3
 Cast: Magic Dart        |    42 |    66 |    21 |    23 ||   152
       Searing Ray       |     6 |    22 |    40 |    14 ||    82
       Iskenderun's Myst |       |       |    12 |    26 ||    38
       Fulminant Prism   |       |       |     3 |     6 ||     9
Invok: Curse Item        |       |       |       |     1 ||     1
 Abil: Breathe Acid      |       |       |     8 |    12 ||    20
Evoke: Wand              |       |       |       |     1 ||     1
  Use: Potion            |     1 |       |       |     1 ||     2
       Scroll            |       |     1 |     4 |     3 ||     8
Armor: Skin              |    13 |    16 |    32 |    17 ||    78
Dodge: Dodged            |    23 |    45 |    45 |    28 ||   141

Table legend: (Time is in decaauts)
 A = Elapsed time spent in this place.
 B = Non-inter-level travel time spent in this place.
 C = Inter-level travel time spent in this place.
 D = Time resting spent in this place.
 E = Time spent auto-exploring this place.
 F = Levels seen in this place.
 G = Mean time per level.
                   A        B        C        D        E       F      G
               +--------+--------+--------+--------+--------+-----+--------+
         Total |  10626 |  10481 |    145 |   2116 |   7040 |  10 | 1062.6 |
       Dungeon |  10214 |  10081 |    133 |   1903 |   6974 |   8 | 1276.8 |
        Temple |    110 |     98 |     12 |     22 |     58 |   1 |  110.0 |
        Bailey |    301 |    301 |      0 |    191 |      8 |   1 |  301.0 |
               +--------+--------+--------+--------+--------+-----+--------+

Top non-repeatable levels by time:
     D:6: 2101 daAuts
     D:7: 1846 daAuts
     D:5: 1376 daAuts
     D:4: 1330 daAuts
     D:3: 1279 daAuts
     D:1: 1167 daAuts
     D:2: 1060 daAuts
  Bailey: 301 daAuts
  Temple: 110 daAuts
     D:8: 51 daAuts
